 Dungeon Crawl Stone Soup version 0.25-a0-516-g7d600cd (webtiles) character file.

Game seed: 7566507078560968725, levelgen mode: deterministic

11399 wolfsongas the Covert (level 11, -23/72 HPs)
             Began as an Octopode Enchanter on Feb 16, 2020.
             Was an Elder of Dithmenos.
             Killed from afar by a fire dragon (40 damage)
             ... with a blast of flame
             ... on level 11 of the Dungeon.
             The game lasted 00:29:26 (14629 turns).

wolfsongas the Covert (Octopode Enchanter)         Turns: 14629, Time: 00:29:27

Health: -23/72     AC:  1    Str:  9    XL:     11   Next: 77%
Magic:  15/21      EV: 19    Int: 18    God:    Dithmenos [****..]
Gold:   802        SH:  4    Dex: 14    Spells: 20/23 levels left

rFire    x . .     SeeInvis +   e - +0 rapier (freeze)
rCold    + + .     Gourm    .   A - +1 buckler
rNeg     . . .     Faith    +   (helmet restricted)
rPois    .         Spirit   .   z - amulet of faith
rElec    .         Reflect  .   h - ring of see invisible
rCorr    .         Harm     .   q - ring of protection from magic
MR       +....                  f - ring of ice
Stlth    ++++++++..             (no ring)
HPRegen  0.22/turn              (no ring)
MPRegen  0.17/turn              (no ring)
                                (no ring)
                                (no ring)

@: wreathed by umbra, lightly drained
A: almost no armour, stealthy swim, amphibious, 8 rings, constrict 8, repulsion
field 1, camouflage 1, cold resistance 1, gelatinous body 1
a: Shadow Step, Renounce Religion


You were on level 11 of the Dungeon.
You worshipped Dithmenos.
Dithmenos was greatly pleased with you.
You were not hungry.

You visited 2 branches of the dungeon, and saw 12 of its levels.
You also visited: Sewer.

You collected 802 gold pieces.

Inventory:

Hand Weapons
 a - a +1 dagger of electrocution
 e - a +0 rapier of freezing (weapon)
Armour
 w - a +0 kite shield
 A - a +1 buckler (worn)
Jewellery
 f - a ring of ice (on tentacle)
 h - a ring of see invisible (left tentacle)
 q - a ring of protection from magic (right tentacle)
 z - an amulet of faith (around mantle)
Wands
 d - a wand of polymorph (14)
 j - a wand of iceblast (15)
 n - a wand of digging (5)
 o - a wand of disintegration (9)
 p - a wand of scattershot (3)
 r - a wand of acid (17)
 v - a wand of enslavement (8)
Scrolls
 b - 5 scrolls of remove curse
 g - 4 scrolls of teleportation
 l - a scroll of blinking
 y - 3 scrolls of fear
Potions
 k - a potion of magic {unknown}
 m - a potion of mutation
 s - 2 potions of flight
 t - 2 potions of curing
 u - 2 potions of heal wounds
 x - a potion of invisibility {unknown}
Comestibles
 c - 4 rations


   Skills:
 - Level 6.0(5.5) Fighting
 + Level 10.0(9.4) Short Blades
 + Level 8.7(8.2) Dodging
 + Level 11.2(10.7) Stealth
 - Level 6.8(6.3) Spellcasting
 - Level 6.0(5.5) Hexes


You had 20 spell levels left.
You knew the following spells:

 Your Spells              Type           Power        Failure   Level  Hunger
a - Corona                Hex            ####...      1%          1    None
b - Ensorcelled Hibernat  Hex/Ice        ###...       10%         2    None

Your spell library contained the following spells:

 Spells                   Type           Power        Failure   Level  Hunger
 Slow                     Hex            ####....     3%          2    None
 Confusing Touch          Hex            ####....     6%          3    ##.....
 Tukima's Dance           Hex            ####....     6%          3    ##.....
 Dazzling Flash           Conj/Hex       ###...       19%         3    ##.....
 Inner Flame              Hex/Fire       ###.....     19%         3    ##.....
 Portal Projectile        Hex/Tloc       ###...       19%         3    ##.....
 Magic Dart               Conj           #...         21%         1    None
 Cause Fear               Hex            ####......   21%         4    ####...
 Blink                    Tloc           N/A          30%         2    None
 Call Imp                 Summ           #.......     30%         2    None
 Conjure Flame            Conj/Fire      #.......     52%         3    ##.....
 Mephitic Cloud           Conj/Pois/Air  #.......     52%         3    ##.....
 Leda's Liquefaction      Hex/Erth       ###.......   52%         4    ####...


Dungeon Overview and Level Annotations

Branches:
Dungeon (11/15)            Temple (1/1) D:4            Lair (0/6) D:8
    Orc (0/2) D:11          Sewer (visited)

Altars:
Ashenzari
Dithmenos
Elyvilon
Fedhas
Kikubaaqudgha
Sif Muna
Vehumet
Wu Jian
Zin
The Shining One

Shops:
D:6 :[*[*   D:7 =


Innate Abilities, Weirdness & Mutations

You cannot wear most types of armour.
You are very stealthy in the water. (Stealth+)
You are amphibious.
You can wear up to eight rings at the same time.
You can use your tentacles to constrict eight enemies at once.
Your skin changes colour to match your surroundings (Stealth+).
Your rubbery body absorbs attacks. (AC +1, EV +1)
You are surrounded by a mild repulsion field. (EV +2)
Your flesh is cold resistant. (rC+)


Message History

Casting: Ensorcelled Hibernation (safe; 10% risk of failure)
Confirm with . or Enter, or press ? or * to list all spells.
Aiming: Ensorcelled Hibernation (safe; 10% risk of failure)
Press: ? - help, Shift-Dir - straight line, f - fire dragon
Aim: a fire dragon (black smoke, almost dead, umbra, not susceptible)
You feel a surge of power!
The fire dragon is unaffected.
The fire dragon bites you. The fire dragon closely misses you.
The fire dragon tramples you.
* * * LOW HITPOINT WARNING * * *
You stumble backwards!
Casting: Ensorcelled Hibernation (safe; 10% risk of failure)
Confirm with . or Enter, or press ? or * to list all spells.
Aiming: Ensorcelled Hibernation (safe; 10% risk of failure)
Press: ? - help, Shift-Dir - straight line, f/p - fire dragon
Aim: a fire dragon (black smoke, almost dead, umbra, not susceptible)
You feel a surge of power!
The fire dragon is unaffected.
The fire dragon breathes flames at you. The blast of flame hits you!!!
The fire burns you terribly!
Ouch! That really hurt!
You die...

##......## #........#
# #..#####.######.#
#..##...........#
#...#.##.....####
.#######.....######
####...##.....##...##
#.....#.....#§§§§.#
#..[..'..8..@D§§§.#
#.....#.....#§§§..#
##...##.....##...##
#########'########
#.# ##...## #.#
#.....# #####.#
#.....# #...#.#
#.....# ....#.#
##())####


You could see a fire dragon.

Vanquished Creatures
  Harold (D:7)
  A two-headed ogre (D:8)
  Pikel (D:5)
  An ugly thing (D:11)
  A cyclops (D:11)
  Maggie (D:6)
  A komodo dragon (D:8)
  Grinder (D:5)
  2 trolls (D:11)
  Prince Ribbit (D:7)
  A hornet (D:10)
  4 wyverns (D:8)
  Sigmund (D:5)
  4 yaks
  Eustachio (D:6)
  3 hungry ghosts
  Edmund (D:5)
  Menkaure (D:6)
  A swamp drake (D:8)
  2 ice beasts
  2 slaves
  A black bear (D:9)
  An orc warrior (D:7)
  2 sky beasts (D:10)
  A necrophage (D:6)
  7 ogres
  7 centaurs
  Blork the orc (D:5)
  A big kobold (Sewer)
  5 bullfrogs
  2 scorpions
  21 killer bees
  4 wights
  3 howler monkeys
  2 crimson imps
  2 bullfrog zombies
  2 centaur zombies
  3 orc priests
  4 hounds
  A bullfrog skeleton (D:11)
  2 centaur skeletons
  Crazy Yiuf (D:2)
  Natasha (thrice) (D:3)
  2 orc wizards
  3 iguanas
  5 worker ants
  2 hound zombies
  2 worker ant zombies
  14 adders
  A howler monkey skeleton (D:9)
  3 river rats
  2 shadow imps
  An ooze (D:4)
  An adder skeleton (D:4)
  5 worms
  2 dart slugs (D:1)
  5 leopard geckos
  37 orcs
  3 giant cockroaches
  4 goblins
  4 hobgoblins
  13 jackals
  4 quokkas
  2 ball pythons (D:6)
  6 bats
  2 frilled lizards
  11 kobolds
  2 leopard gecko skeletons
  A quokka skeleton (D:4)
  11 rats
256 creatures vanquished.

Vanquished Creatures (others)
  A hound zombie (D:5)
  An adder skeleton (D:5)
  3 orcs (D:5)
  A jackal (D:6)
  A quokka (D:5)
7 creatures vanquished.

Grand Total: 263 creatures vanquished

Notes
Turn   | Place    | Note
-------+----------+-------------------------------------------
     0 | D:1      | wolfsongas the Octopode Enchanter began the quest for the
                  | Orb.
     0 | D:1      | Reached XP level 1. HP: 11/11 MP: 3/3
   267 | D:1      | Reached XP level 2. HP: 15/17 MP: 5/5
   393 | D:1      | Learned a level 2 spell: Ensorcelled Hibernation
   639 | D:1      | Reached skill level 5 in Stealth
   833 | D:2      | Reached XP level 3. HP: 18/21 MP: 6/6
  1088 | D:2      | Reached XP level 4. HP: 27/27 MP: 7/7
  1145 | D:2      | Reached skill level 6 in Stealth
  2125 | D:2      | Found a runed translucent door.
  2126 | D:2      | Noticed Crazy Yiuf
  2132 | D:2      | Killed Crazy Yiuf
  2132 | D:2      | Reached XP level 5. HP: 31/31 MP: 5/8
  2437 | D:3      | Reached skill level 7 in Stealth
  2469 | D:3      | Noticed Natasha
  2478 | D:3      | Killed Natasha
  2776 | D:3      | Noticed Natasha
  2783 | D:3      | Killed Natasha
  2891 | D:3      | Found a shimmering blue altar of Sif Muna.
  3127 | D:3      | Reached XP level 6. HP: 36/36 MP: 9/9
  3152 | D:3      | Noticed Natasha
  3159 | D:3      | Killed Natasha
  3159 | D:3      | Reached skill level 8 in Stealth
  3598 | D:4      | Gained mutation: You are surrounded by a mild repulsion
                  | field. (EV +2) [potion of mutation]
  3598 | D:4      | Gained mutation: Your flesh is cold resistant. (rC+)
                  | [potion of mutation]
  3601 | D:4      | Reached skill level 1 in Fighting
  3760 | D:4      | Found a staircase to the Ecumenical Temple.
  3808 | D:4      | Found a blossoming altar of Fedhas.
  3968 | Temple   | Entered the Ecumenical Temple
  3985 | Temple   | Became a worshipper of Dithmenos the Shadowed
  4321 | D:5      | Entered Level 5 of the Dungeon
  4331 | D:5      | Noticed Blork the orc
  4335 | D:5      | Noticed Grinder
  4644 | D:5      | Noticed a slave
  4645 | D:5      | Noticed Pikel
  4645 | D:5      | Noticed a slave
  4645 | D:5      | Noticed a slave
  4645 | D:5      | Noticed a slave
  4647 | D:5      | Killed a slave
  4659 | D:4      | Killed a slave
  4872 | D:5      | Killed Pikel
  4872 | D:5      | Reached skill level 10 in Stealth
  4872 | D:5      | Reached XP level 7. HP: 8/46 MP: 4/10
  4872 | D:5      | Reached XP level 8. HP: 9/52 MP: 4/11
  5126 | D:5      | Killed Blork the orc
  5252 | D:5      | Paralysed by Grinder for 2 turns
  5256 | D:5      | Killed Grinder
  5636 | D:5      | Noticed Edmund
  5645 | D:5      | Killed Edmund
  5669 | D:5      | Noticed Sigmund
  5672 | D:5      | Killed Sigmund
  5672 | D:5      | Reached skill level 5 in Short Blades
  5891 | D:5      | Reached skill level 5 in Fighting
  6186 | D:6      | Reached XP level 9. HP: 49/61 MP: 14/14
  6252 | D:6      | Reached * piety under Dithmenos
  6498 | D:6      | Noticed Eustachio
  6501 | D:6      | Killed Eustachio
  6546 | D:6      | Found Zeuhugos's Book Shop.
  6614 | D:6      | Found a glowing golden altar of the Shining One.
  6630 | D:6      | Found Feczu's General Store.
  6635 | D:6      | Found Keggoddo's General Store.
  6751 | D:6      | Found a glowing drain.
  6759 | Sewer    | Entered a sewer
  6958 | Sewer    | Found a white marble altar of Elyvilon.
  7051 | D:6      | Reached ** piety under Dithmenos
  7103 | D:6      | Reached skill level 5 in Spellcasting
  7146 | D:6      | Found Hoguarho's Armour Emporium.
  7181 | D:6      | Got a sapphire flail
  7182 | D:6      | Identified the +7 flail "Xuluugoocw" {holy, rF+} (You found
                  | it on level 6 of the Dungeon)
  7253 | D:6      | Noticed Maggie
  7256 | D:6      | Noticed Menkaure
  7267 | D:6      | Killed Menkaure
  7501 | D:6      | Found Cowis's Armour Shoppe.
  7599 | D:6      | Killed Maggie
  7782 | D:7      | Noticed Harold
  7790 | D:7      | Noticed Prince Ribbit
  7797 | D:7      | HP: 2/62 [Prince Ribbit (19)]
  8131 | D:7      | Found Ceokhla's Jewellery Emporium.
  8148 | D:7      | Killed Harold
  8148 | D:7      | Reached XP level 10. HP: 51/68 MP: 15/19
  8469 | D:7      | Killed Prince Ribbit
  8550 | D:8      | Noticed a two-headed ogre
  8557 | D:8      | Killed a two-headed ogre
  8557 | D:8      | Reached skill level 5 in Dodging
  8881 | D:8      | Found a staircase to the Lair.
  9293 | D:8      | Got a scorched steel amulet
  9391 | D:8      | Reached *** piety under Dithmenos
  9480 | D:8      | Reached XP level 11. HP: 48/72 MP: 21/21
  9489 | D:8      | Reached skill level 5 in Hexes
  9513 | D:8      | HP: 3/72 [poisoned by a killer bee]
  9521 | D:8      | HP: 3/72 [poisoned by a killer bee]
 10099 | D:9      | Identified the amulet "Useosaut" {Spirit +Fly rF- rN+++
                  | Stlth+} (You found it on level 8 of the Dungeon)
 10620 | D:9      | Found a shattered altar of Ashenzari.
 12363 | D:10     | Entered Level 10 of the Dungeon
 12433 | D:10     | Reached **** piety under Dithmenos
 12845 | D:10     | Paralysed by a hornet for 3 turns
 13762 | D:11     | Found a staircase to the Orcish Mines.
 13861 | D:11     | Noticed a red ugly thing
 13865 | D:11     | Killed a red ugly thing
 13950 | D:11     | Noticed a cyclops
 13967 | D:11     | Killed a cyclops
 14077 | D:11     | Reached skill level 11 in Stealth
 14266 | D:11     | Reached skill level 10 in Short Blades
 14302 | D:11     | Noticed a deep troll
 14622 | D:11     | Noticed a fire dragon
 14629 | D:11     | Killed from afar by a fire dragon

Levels and vault maps discovered:
D:1:      minmay_arrival_five_plusses, layout_loops_cross, minmay_misc_feat_chi,
          minmay_small_reverse_x
D:2:      layout_loops_cross, first_ration, uniq_crazy_yiuf_cottage
D:3:      layout_loops_ring, nicolae_overflow_hidden_temple, serial_glass,
          glass_columns_a, glass_columns_c, glass_columns_a, glass_columns_a,
          minmay_strange_pillars, due_unseen_surprise, minmay_strange_pillars,
          uniq_natasha
D:4:      layout_gridville, temple_pool_b, fedhas_altar_4
D:5:      layout_basic, sigmund_edmund_badplayer, uniq_grinder,
          uniq_blork_the_orc, uniq_pikel
D:6:      minmay_bubble_buster, layout_loops_ring, lemuel_doored_altar,
          portal_sewer_entry_e, serial_shops, shop, shop,
          nicolae_shop_temple_entry_statues_fountains, shop_fountains, shop,
          minmay_pentangle, uniq_eustachio, uniq_maggie, uniq_menkaure,
          uniq_sigmund
D:7:      layout_rooms, serial_shops, nicolae_shop_statue_plus,
          kennysheep_generic_room_3, uniq_harold, uniq_prince_ribbit1
D:8:      layout_loops_ring, erik_lair_dragon
D:9:      layout_stronghold, cheibrodos_ashenzari_chains
D:10:     layout_irregular_city
D:11:     minmay_mutant_horseshoe, layout_loops_corners, orc_0_dummy,
          gauntlet_entry_generic, serial_shops, shop, minmay_three_doors
Temple:   compressed_dpeg_circular_temple

Skill      XL: |  1  2  3  4  5  6  7  8  9 10 11 |
---------------+----------------------------------+-----
Stealth        | 5 6 7 10 11 | 11.2
Hexes          | 4 6 |  6.0
Fighting       | 3 5 6 |  6.0
Short Blades   | 3 5 7 8 10 | 10.0
Spellcasting   | 3 6 |  6.8
Dodging        | 4 6 8 |  8.7

Action                   |  1- 3 |  4- 6 |  7- 9 | 10-12 || total
-------------------------+-------+-------+-------+-------++-------
Melee: Dagger            |    44 |    57 |       |       ||   101
       Constrict         |    12 |    26 |    36 |    55 ||   129
       Tentacles         |     6 |    18 |    27 |    65 ||   116
       Rapier            |       |    63 |   178 |   449 ||   690
 Cast: Corona            |     1 |       |       |       ||     1
       Ensorcelled Hiber |       |    20 |    14 |    32 ||    66
Invok: Shadow Step       |       |       |       |     2 ||     2
Evoke: Wand              |       |       |       |     2 ||     2
  Use: Scroll            |     4 |     6 |     9 |     9 ||    28
       Potion            |       |     5 |     3 |     7 ||    15
 Stab: Sleeping          |    10 |    27 |    28 |    32 ||    97
       Distracted        |       |       |       |     2 ||     2
       Confused          |       |       |       |     1 ||     1
  Eat: Ration            |       |     3 |     3 |     7 ||    13
       Chunk             |       |     3 |     1 |     4 ||     8
Armor: Skin              |     1 |     5 |     6 |    16 ||    28
Dodge: Dodged            |    19 |    60 |   113 |   398 ||   590
Block: Buckler           |       |       |       |    11 ||    11

Table legend:
 A = Non-vault XP
 B = Vault XP
 C = Vault XP percentage of total XP
 D = Non-vault monster count
 E = Vault monster count
 F = Vault count percentage of total count
                 A         B        C        D         E       F
            +---------+---------+-------+---------+---------+-------
      Total |   10795 |    5490 |  33.7 |     206 |      49 |  19.2
            +---------+---------+-------+---------+---------+-------
        D:1 |      24 |       7 |  22.6 |      14 |       4 |  22.2
        D:2 |     109 |      37 |  25.3 |      22 |       1 |   4.3
        D:3 |     144 |      36 |  20.0 |      19 |       1 |   5.0
        D:4 |     185 |       0 |   0.0 |      12 |       0 |   0.0
        D:5 |     233 |    1432 |  86.0 |       8 |       5 |  38.5
        D:6 |     756 |    1288 |  63.0 |      26 |      19 |  42.2
        D:7 |     582 |    1297 |  69.0 |      15 |       2 |  11.8
        D:8 |    2288 |     875 |  27.7 |      26 |       5 |  16.1
        D:9 |    2070 |       0 |   0.0 |      30 |       0 |   0.0
       D:10 |    2046 |       0 |   0.0 |      24 |       0 |   0.0
       D:11 |    2358 |     381 |  13.9 |      10 |       3 |  23.1
      Sewer |       0 |     137 | 100.0 |       0 |       9 | 100.0
            +---------+---------+-------+---------+---------+-------
